lilith, chaotic female human Rogue ######################### ------------ #--------------------.-.-.-- - --- ----------- |..........| #|...............................| ..........| |.<........| #|.----....-----.----+--.[-----.. |....>....| |..........| #|.|..|---%|...-.-..|.*|%)|(((|..| |.........| |..........| #|.|..|..|.|._.|.|..|..|..|(((|.. -------.--- |...........#)[###|.-|-|..|.|...|.--------.|.. ..| # -.---------- # |....|..|)|...|....-...|.-|--- .| ### ##### ##.....-|--.----|....|...|))......| # # # |.........f+..||--.-----)[-----.| ##### ### ### |....-|--@@|..|).|........+..%|.| --.-- # # |.-|-|..|@----|..|-|--..).|..!|.| ##....| ## ### |.|..|..|.|[?+|--|...|---.-----.| ##|...| -|---# |.|..|---[-.![|..|...|..).).....| ### |...| |...|# |.|..|....|..*|..|...|..|.......|# # |...| |^..|# |.----....-----+---------.....{.-####### ----- |...-# |..............[................|# ----- --------------------------------- lilith the Rogue Experience level: 9 Strength: 18 Dexterity: 18 Constitution: 18 Intelligence: 13 Wisdom: 10 Charisma: 7 Health: 0(73) Energy: 36(36) Def: 15 Gold: 0 Moves: 15862 Dungeon seed: ksKsmYwvB4Jyqr0n Game ID: lilith_1518121384 Your Inventory: Weapons a - a blessed +1 dagger named +1 (weapon in hand) b - 2 uncursed +0 daggers (in quiver) m - a blessed +0 dagger D - an uncursed +0 dagger Armor e - an uncursed +0 cloak of magic resistance (being worn) j - a blessed very rusty +3 dwarvish iron helm (being worn) n - an uncursed +0 pair of leather gloves (being worn) q - an uncursed +0 dwarvish mithril-coat (being worn) r - an uncursed +0 small shield (being worn) N - an uncursed +1 pair of iron shoes (being worn) Comestibles o - an uncursed tripe ration v - an uncursed banana E - 2 uncursed lizard corpses Tools f - an uncursed towel k - an uncursed skeleton key w - an uncursed magic whistle z - an uncursed magic lamp named (1315)T11837 (lit) B - an uncursed bag of holding Contents of the bag of holding: 10612 gold pieces 7 blessed +1 shuriken an uncursed +3 dwarvish cloak an uncursed +0 dwarvish cloak 2 uncursed C-rations an uncursed banana 9 uncursed food rations an uncursed fortune cookie an uncursed lembas wafer an uncursed scroll of blank paper an uncursed scroll of confuse monster an uncursed scroll of enchant weapon 2 uncursed scrolls of fire 2 uncursed scrolls of food detection 2 uncursed scrolls of teleportation an uncursed potion of blindness an uncursed potion of booze an uncursed potion of confusion an uncursed potion of enlightenment an uncursed potion of gain ability a cursed potion of gain ability an uncursed potion of gain level a cursed potion of healing an uncursed potion of object detection a cursed +2 ring of adornment a blessed +2 ring of gain strength an uncursed +0 ring of increase damage an uncursed ring of levitation a cursed ring of polymorph an uncursed ring of shock resistance an uncursed ring of slow digestion a cursed ring of teleport control an uncursed ring of warning an uncursed wand of slow monster (0:7) an uncursed wand of striking (0:2) an uncursed can of grease (0:5) an uncursed magic whistle an uncursed +0 pick-axe an uncursed sack Spells and supernatural/magical abilities: Name Level Category Fail Memory W - pray for help -- divine ? -- Your skills at the end: Fighting Skills Weapon Skills dagger [Skilled] short sword [Basic] Spellcasting Skills Final Attributes: You were piously aligned. You were shock resistant. You were poison resistant. You were magic-protected. You were telepathic. You were stealthy. You are dead. Vanquished creatures: 2 giant mimics a warg a xan 3 quantum mechanics 2 gelatinous cubes a pyrolisk a large dog a flaming sphere a shocking sphere a dwarf king a tengu a human mummy a carnivorous ape an ettin zombie a leather golem 2 soldiers 2 chameleons 2 giant beetles 2 quivering blobs 7 wolves 3 leprechauns a horse 2 ice vortices a black light a vampire bat a forest centaur 2 gnome kings an orc mummy a dwarf mummy a brown pudding 2 rust monsters an owlbear a yeti a gold golem 2 lizards a dingo a housecat 3 jaguars a dwarf lord a blue jelly 2 gnome mummies an ape a soldier ant 8 fire ants 4 bugbears a quasit 2 water nymphs 4 Mordor orcs 6 rock piercers 2 rock moles 4 ponies a fog cloud 4 yellow lights 2 shriekers a violet fungus 16 gnome lords 7 gnomish wizards 4 kobold mummies a red naga hatchling 2 black naga hatchlings 4 golden naga hatchlings a guardian naga hatchling 5 gray oozes 2 ghouls 3 straw golems 3 paper golems 2 baby crocodiles 5 giant ants 4 little dogs 5 floating eyes 5 kittens 20 dwarves 3 homunculi 5 kobold lords 2 hill orcs 10 rothes 3 rabid rats a centipede 6 giant bats a monkey an orc zombie 4 dwarf zombies 3 wererats 2 werejackals 5 iguanas 2 killer bees 4 acid blobs a hobbit 5 manes 2 large kobolds 7 hobgoblins 9 giant rats 8 cave spiders 2 brown molds 9 yellow molds 3 red molds 51 gnomes 2 garter snakes 4 gnome zombies 7 geckos 26 jackals 3 foxes 6 kobolds 10 goblins 9 sewer rats 23 grid bugs 3 bats 11 lichens 4 kobold zombies 17 newts 468 creatures vanquished. Voluntary challenges: You had been an atheist until turn 9446. You used a wielded weapon 576 times, starting on turn 1. You read items or engraved 45 times, starting on turn 1531. You never genocided any monsters. You never polymorphed an object. You never changed form. You used no wishes. You never split a pudding. You wrote Elbereth's name 36 times, starting on turn 1531. You violated your moral code, losing 26 points of alignment, starting on turn 5112. Dungeon overview: The Dungeons of Doom: levels 1 to 11 Level 1 a long staircase Level 2 Level 3 Level 4 (STASH) stairs to The Gnomish Mines Level 5 many fountains Level 6 a fountain, a throne stairs to Sokoban Level 7 an armor shop, a fountain Level 8 some fountains Level 9 a temple to Mog, a fountain Level 10 some fountains Level 11 The Gnomish Mines: levels 5 to 11 Level 5 stairs to The Dungeons of Doom Level 6 Level 7 Level 8 <- You were here some shops, a temple to Mog, a fountain Level 9 Level 10 Level 11 Sokoban: levels 2 to 5 Level 2 Level 3 Level 4 Level 5 stairs to The Dungeons of Doom History has recorded: On T:1 you entered the Dungeons of Doom to retrieve the Amulet of Yendor! On T:175 you reached level 2 of The Dungeons of Doom. On T:360 you advanced to experience level 2. On T:797 you reached level 3 of The Dungeons of Doom. On T:889 you advanced to experience level 3. On T:929 you reached level 4 of The Dungeons of Doom. On T:1105 you reached level 1 of The Gnomish Mines. On T:1200 you reached level 5 of The Dungeons of Doom. On T:1535 you advanced to experience level 4. On T:1691 you reached level 6 of The Dungeons of Doom. On T:1890 you reached level 4 of Sokoban. On T:2287 you reached level 3 of Sokoban. On T:2888 you advanced to experience level 5. On T:2958 you reached level 2 of Sokoban. On T:3663 you reached level 1 of Sokoban. On T:4104 you advanced to experience level 6. On T:5739 you advanced to experience level 7. On T:6368 you reached level 7 of The Dungeons of Doom. On T:6594 you reached level 8 of The Dungeons of Doom. On T:7638 you reached level 2 of The Gnomish Mines. On T:8702 you advanced to experience level 8. On T:9092 you reached level 3 of The Gnomish Mines. On T:9199 you reached level 4 of The Gnomish Mines. On T:9715 you reached level 6 of The Gnomish Mines. On T:9972 you reached level 7 of The Gnomish Mines. On T:10104 you reached level 5 of The Gnomish Mines. On T:12097 you advanced to experience level 9. On T:13174 you reached level 9 of The Dungeons of Doom. On T:13286 you reached level 10 of The Dungeons of Doom. On T:14266 you reached level 11 of The Dungeons of Doom. Score breakdown: Gold: 10612 (13694 points) Experience: 9 levels (15756 points) Exploration: 11 levels ( 22.45%) (13693 points) Discoveries: 17 items ( 5.70%) ( 7165 points) Valuables value: (no points given unless you survive) Artifact value: 0 ( 0 points) Variety of kills: 110 monsters ( 28.87%) (16119 points) Turncount: 15862 turns (-3060 points) Survival: died (score multiplied by 80%) Total score: 50693 Latest messages: The watch captain swings his long sword. The watch captain misses. Trouble misses the watch captain. You throw 2 daggers. The 1st dagger hits the watch captain! The 2nd dagger misses the watch captain. Trouble misses the watch captain. The watch captain swings his long sword. The watch captain hits! The watch captain swings his long sword. The watch captain hits! The dagger hits the watch captain! Trouble misses the watch captain. The watchman thrusts her short sword. The watchman hits! The watch captain swings his long sword. The watch captain hits! You die... The sack is empty. The sack is empty. Final status: Goodbye lilith the Rogue, killed by a watch captain... You died in The Gnomish Mines on dungeon level 8 with 50693 points, and 10612 pieces of gold, after 15862 moves. You were level 9 with a maximum of 73 hit points when you died.